 Dungeon Crawl Stone Soup version 0.17.0-73-gb648821 (webtiles) character file.

15965 Miyamura the Carver (level 12, -10/85 HPs)
             Began as a High Elf Skald on Dec 10, 2015.
             Was a High Priest of the Shining One.
             Mangled by a red ugly thing (20 damage)
             ... on level 12 of the Dungeon.
             The game lasted 01:07:22 (21450 turns).

Miyamura the Carver (High Elf Skald)               Turns: 21450, Time: 01:07:22

Health: -10/85     AC: 18    Str: 12    XL:     12   Next: 5%
Magic:  5/24       EV: 16    Int: 21    God:    the Shining One [*****.]
Gold:   724        SH:  0    Dex: 17    Spells: 5 memorised, 12 levels left

rFire  . . .     SeeInvis .     B - +1 falchion (flame)
rCold  . . .     Clarity  .     k - +1 ring mail {MR+}
rNeg   + + .     SustAt   .     (no shield)
rPois  +         Gourm    .     r - +0 helmet
rElec  .         Spirit   .     (no cloak)
rCorr  .         Warding  .     (no gloves)
rMut   .         Stasis   .     (no boots)
MR     ++...                    (no amulet)
Stlth  +.........               o - ring of poison resistance
                                D - +6 ring of protection

@: infused, glowing, very resistant to hostile enchantments, very unstealthy
A: iridescent scales 1, molten scales 1, agile 1
a: Divine Shield, Cleansing Flame, Summon Divine Warrior, Renounce Religion


You were on level 12 of the Dungeon.
You worshipped the Shining One.
The Shining One was extremely pleased with you.
You were not hungry.

You visited 3 branches of the dungeon, and saw 15 of its levels.
You also visited: Bailey and Ice Cave.

You collected 1144 gold pieces.
You spent 420 gold pieces at shops.

Inventory:

Hand Weapons
 B - a +1 falchion of flaming (weapon)
Armour
 k - a +1 ring mail of magic resistance (worn)
 r - a +0 helmet (worn)
Jewellery
 e - an uncursed ring of wizardry
 o - a ring of poison resistance (right hand)
 p - an uncursed ring of protection from fire
 D - a +6 ring of protection (left hand)
 G - an uncursed amulet of faith {unknown}
Wands
 a - a wand of magic darts (10)
 h - a wand of fireball (7)
 j - a wand of cold (7)
 m - a wand of disintegration (3)
 H - a wand of digging (6)
Scrolls
 g - 7 scrolls of remove curse
 l - a scroll of fog
 q - 2 scrolls of immolation {!r}
 s - a scroll of enchant armour
 x - a scroll of recharging
 y - a scroll of enchant weapon
 F - 2 scrolls of identify
Potions
 t - a potion of magic
 v - a potion of resistance
 w - 3 potions of cure mutation {!q}
 z - 2 potions of curing
 E - a potion of heal wounds
Books
 b - a book of Cantrips

   Spells                             Type                      Level
   a - Corona                         Hexes                        1
   b - Animate Skeleton               Necromancy                   1
   c - Summon Small Mammal            Summoning                    1
   d - Apportation                    Translocation                1
 c - a book of Battle

   Spells                             Type                      Level
   a - Infusion                       Charms                       1
   b - Shroud of Golubria             Charms/Translocation         2
   c - Song of Slaying                Charms                       2
   d - Spectral Weapon                Hexes/Charms                 3
   e - Regeneration                   Charms/Necromancy            3
 n - a book of Transfigurations

   Spells                             Type                      Level
   a - Stoneskin                      Transmutation/Earth          2
   b - Irradiate                      Conjuration/Transmutation    5
   c - Statue Form                    Transmutation/Earth          6
   d - Hydra Form                     Transmutation                6
   e - Dragon Form                    Transmutation                7
 u - a book of Clouds

   Spells                             Type                      Level
   a - Mephitic Cloud                 Conjuration/Poison/Air       3
   b - Conjure Flame                  Conjuration/Fire             3
   c - Poisonous Cloud                Conjuration/Poison/Air       6
   d - Freezing Cloud                 Conjuration/Ice/Air          6
   e - Ring of Flames                 Charms/Fire                  7
Comestibles
 d - 5 bread rations
 f - 32 fruits
 i - 2 meat rations
 A - 17 chunks of flesh
 C - 5 slices of pizza


   Skills:
 + Level 9.0 Fighting
 + Level 11.0 Long Blades
 - Level 0.8 Armour
 + Level 9.7 Dodging
 - Level 7.6 Spellcasting
 - Level 7.3 Charms
 - Level 5.6 Transmutations
 - Level 4.3 Earth Magic
 * Level 5.8 Invocations


You had 12 spell levels left.
You knew the following spells:

 Your Spells              Type           Power        Failure   Level  Hunger
a - Statue Form           Trmt/Erth      ####.....    100%        6    ######.
g - Shroud of Golubria    Chrm/Tloc      ###.......   8%          2    None
i - Infusion              Chrm           #####.       1%          1    None
r - Regeneration          Chrm/Necr      ###.......   14%         3    None
s - Song of Slaying       Chrm           #####...     1%          2    None


Dungeon Overview and Level Annotations

Branches:
Dungeon (12/15)            Temple (1/1) D:6            Lair (0/8) D:10
    Orc (2/4) D:11

Altars:
Ashenzari
Cheibriados
Dithmenos
Elyvilon
Fedhas
Gozag
Kikubaaqudgha
Makhleb
Nemelex Xobeh
Okawaru
Qazlal
Ru
Sif Muna
Trog
Vehumet
Xom
Yredelemnul
Zin
The Shining One
Beogh

Shops:
D:10 :   D:12 *

Annotations:
D:3 asdu's ghost, weakling TeCK
D:4 DEFE's ghost, amateur HEFi


Innate Abilities, Weirdness & Mutations

You are partially covered in iridescent scales (AC +4).
You are partially covered in molten scales (AC +1).
You are agile. (Dex +2)


Message History

Aim: a red ugly thing (lightly wounded, haloed)
The bolt of cold hits the red ugly thing.
The red ugly thing is heavily wounded.
This wand has 7 charges left.
The red ugly thing bites you!
You are engulfed in flames!!
* * * LOW HITPOINT WARNING * * *
Press: ? - help, v - describe, . - travel, g - get item
Here: a red ugly thing (moderately wounded, haloed)
A yak skeleton.
There is something else lying underneath.
The floor, spattered with blood.
Read which item? (? for menu, Esc to quit)
Okay, then.
Unknown command.
Okay, then.
You are momentarily dazzled by a brilliant light.
You feel somewhat more hungry. The red ugly thing bites you.
* * * LOW HITPOINT WARNING * * *
You are engulfed in flames!!
You die...

......# #.. ......# #.##
......# #..### ......#
#....# ...Y.#####.##.#
....Y.........#
...######.....## #####
#..............#####...##
##.........))(Au@.#.....##
######.(..#..###........#
##.......###..(###<......#
#........####....#(......#
..........###.)#.(......##
..........†..#.)##......##
..........##.............#
..........####.....∩.....#
..........# ##.#........#


You could see a red ugly thing and a friendly angel.

Vanquished Creatures
  3 hydras
  2 hill giants
  A manticore (D:11)
  A gargoyle (D:10)
  A fire drake (D:10)
  Prince Ribbit (D:9)
  24 yaks
  A wraith (D:11)
  2 water elementals (D:11)
  A deep elf mage (D:11)
  2 hippogriffs
  A hungry ghost (D:10)
  The ghost of DEFE the Slasher, an amateur HEFi (D:6)
  A wyvern (D:10)
  2 wargs
  A soldier ant (D:11)
  3 water moccasins
  7 sky beasts
  2 black bears
  2 necrophages
  5 ogres
  A phantom (D:5)
  4 centaurs
  10 orc warriors
  7 big kobolds
  A crocodile (D:11)
  A giant frog (D:6)
  6 scorpions
  4 electric eels (D:11)
  2 giant frog zombies
  3 jellies
  A quasit (D:11)
  6 crimson imps
  4 giant frog skeletons
  A hound (D:4)
  An iguana (D:11)
  19 orc priests
  10 worker ants
  2 centaur skeletons
  12 orc wizards
  2 sheep (D:8)
  2 worker ant zombies
  14 adders
  26 gnolls
  A shadow imp (D:5)
  12 white imps (D:11)
  An ooze (D:2)
  5 worms
  2 adder skeletons
  104 orcs
  4 giant cockroaches
  40 goblins
  29 hobgoblins
  16 jackals
  2 ball pythons
  8 bats
  A giant gecko zombie (D:5)
  5 giant newts
  31 kobolds
  4 quokkas
  A quokka skeleton (D:9)
  9 rats
478 creatures vanquished.

Vanquished Creatures (others)
  A plant (D:8)
1 creature vanquished.

Grand Total: 479 creatures vanquished

Notes
Turn   | Place    | Note
--------------------------------------------------------------
     0 | D:1      | Miyamura the High Elf Skald began the quest for the Orb.
     0 | D:1      | Reached XP level 1. HP: 14/14 MP: 4/4
   440 | D:1      | Reached XP level 2. HP: 14/19 MP: 2/6
   867 | D:1      | Learned a level 2 spell: Song of Slaying
   870 | D:1      | Learned a level 2 spell: Shroud of Golubria
  1234 | D:2      | Reached XP level 3. HP: 22/24 MP: 0/8
  1320 | D:2      | Found an iron altar of Okawaru.
  2019 | D:2      | Reached skill level 4 in Charms
  2053 | D:2      | Reached XP level 4. HP: 30/30 MP: 6/9
  2775 | D:2      | Learned a level 3 spell: Regeneration
  3026 | D:3      | Noticed asdu's ghost (weakling TeCK)
  3504 | D:3      | Reached XP level 5. HP: 34/36 MP: 11/11
  4191 | D:4      | Noticed DEFE's ghost (amateur HEFi)
  5022 | D:4      | Reached XP level 6. HP: 18/42 MP: 9/12
  5240 | D:4      | Reached skill level 5 in Charms
  5403 | D:4      | Gained mutation: You are partially covered in molten scales (AC +1). [potion of mutation]
  5403 | D:4      | Gained mutation: You are agile. (Dex +2) [potion of mutation]
  5403 | D:4      | Gained mutation: You are partially covered in iridescent scales (AC +4). [potion of mutation]
  5543 | D:4      | Found a glowing golden altar of the Shining One.
  5551 | D:4      | Became a worshipper of the Shining One
  5857 | D:4      | Reached XP level 7. HP: 31/47 MP: 8/14
  6076 | D:4      | Found a sparkling altar of Nemelex Xobeh.
  6418 | D:5      | Entered Level 5 of the Dungeon
  6458 | D:5      | Reached skill level 5 in Long Blades
  6767 | D:5      | Reached * piety under the Shining One
  6838 | D:5      | Reached skill level 5 in Spellcasting
  6965 | D:5      | Found an ancient bone altar of Kikubaaqudgha.
  6980 | D:5      | Reached skill level 6 in Charms
  7303 | D:5      | Reached XP level 8. HP: 54/54 MP: 16/16
  8100 | D:5      | Reached skill level 5 in Fighting
  8208 | D:5      | Found a burning altar of Makhleb.
  8320 | D:5      | Reached skill level 5 in Dodging
  8747 | D:6      | Killed DEFE's ghost
  8904 | D:6      | Reached ** piety under the Shining One
  8995 | D:6      | Found a staircase to the Ecumenical Temple.
  9004 | Temple   | Entered the Ecumenical Temple
  9126 | D:6      | Reached skill level 7 in Charms
  9380 | D:6      | Reached XP level 9. HP: 59/61 MP: 19/19
  9388 | D:6      | Found a shimmering altar of Xom.
 10814 | D:8      | Reached skill level 8 in Long Blades
 11066 | D:8      | Learned a level 6 spell: Statue Form
 11486 | D:7      | Reached skill level 1 in Transmutations
 11756 | D:8      | Noticed a three-headed hydra
 11763 | D:8      | Killed a one-headed hydra
 11763 | D:8      | Reached skill level 1 in Earth Magic
 11763 | D:8      | Reached XP level 10. HP: 47/69 MP: 16/22
 12165 | D:9      | Noticed Prince Ribbit
 12371 | D:9      | Killed Prince Ribbit
 12377 | D:9      | Found a deep blue altar of Sif Muna.
 12467 | D:9      | Found a snail-covered altar of Cheibriados.
 12467 | D:9      | Reached *** piety under the Shining One
 12888 | D:10     | Entered Level 10 of the Dungeon
 12916 | D:10     | Found a staircase to the Lair.
 12928 | D:10     | Reached skill level 9 in Long Blades
 13103 | D:10     | Noticed a hill giant
 13242 | D:10     | Killed a hill giant
 13474 | D:10     | Found Kaatupniu's Book Emporium.
 13822 | D:11     | Found a staircase to the Orcish Mines.
 13917 | D:11     | Found a frozen archway.
 13937 | D:11     | Reached **** piety under the Shining One
 14088 | IceCv    | Entered an ice cave
 14609 | D:11     | Reached skill level 5 in Transmutations
 14822 | D:11     | Reached XP level 11. HP: 43/77 MP: 23/23
 15161 | D:11     | Found a blossoming altar of Fedhas.
 15263 | D:11     | Reached skill level 10 in Long Blades
 15781 | D:11     | Noticed a hill giant
 16275 | D:12     | Found Wyoriw's Whimsical Warehouse.
 16299 | D:12     | Bought an uncursed ring of wizardry for 420 gold pieces
 16346 | Orc:1    | Entered Level 1 of the Orcish Mines
 16571 | D:11     | Killed a hill giant
 17077 | Orc:1    | Found a radiant altar of Vehumet.
 17290 | Orc:1    | Found Raocvian's Gadget Shop.
 17458 | Orc:2    | Found a flagged portal.
 17474 | Orc:2    | Found a roughly hewn altar of Beogh.
 17991 | Bailey   | Entered a bailey
 18145 | Bailey   | Reached ***** piety under the Shining One
 18611 | Orc:1    | Reached skill level 1 in Invocations
 19116 | D:12     | Noticed a six-headed hydra
 19146 | D:11     | Killed a one-headed hydra
 20656 | D:12     | Noticed a five-headed hydra
 20667 | D:12     | Killed a one-headed hydra
 20667 | D:12     | Reached skill level 5 in Invocations
 21299 | D:12     | Reached skill level 11 in Long Blades
 21299 | D:12     | Reached XP level 12. HP: 70/85 MP: 9/24
 21450 | D:12     | Mangled by a red ugly thing

Action                   |  1- 3 |  4- 6 |  7- 9 | 10-12 || total
-------------------------+-------+-------+-------+-------++-------
Melee: Falchion          |   117 |   262 |   138 |   985 ||  1502
       Long sword        |       |       |   445 |       ||   445
 Cast: Infusion          |    20 |    26 |    25 |    55 ||   126
       Shroud of Golubri |     3 |    10 |    11 |    41 ||    65
       Song of Slaying   |       |       |       |    13 ||    13
Invok: Divine Shield     |       |       |       |     3 ||     3
       Summon Divine War |       |       |       |     1 ||     1
Evoke: Wand              |       |       |       |    23 ||    23
  Use: Scroll            |     3 |     3 |     8 |     5 ||    19
       Potion            |       |     5 |     1 |     9 ||    15
  Eat: Chunk             |     4 |    13 |    13 |    19 ||    49
       Pizza             |       |       |     1 |     1 ||     2
       Meat ration       |       |       |     1 |     1 ||     2
       Beef jerky        |       |       |       |     2 ||     2
       Bread ration      |       |       |       |     1 ||     1
       Fruit             |       |       |       |     1 ||     1
